 Dungeon Crawl Stone Soup version 0.18-a0-1677-g2bdad6c (webtiles) character file.

9504 4thArraOfDagon the Severer (level 11, -7/151 HPs)
             Began as a Hill Orc Berserker on Apr 2, 2016.
             Was an Elder of Trog.
             Mangled by a fire elemental (14 damage)
             ... summoned by a deep elf mage
             ... in a volcano.
             The game lasted 00:16:56 (3249 turns).

4thArraOfDagon the Severer (Hill Orc Berserker)     Turns: 3249, Time: 00:16:57

Health: -7/151     AC: 18    Str: 29    XL:     11   Next: 47%
Magic:  11/11      EV:  8    Int:  7    God:    Trog [****..]
Gold:   620        SH:  0    Dex: 10    Spells: 0 memorised, 10 levels left

rFire  . . .     SeeInvis +     l - +0 war axe
rCold  . . .     Gourm    .     w - +0 plate armour (curse)
rNeg   . . .     Faith    .     (no shield)
rPois  .         Spirit   .     (no helmet)
rElec  .         Dismiss  .     b - +0 cloak
rCorr  .         Reflect  .     (no gloves)
SustAt .         Harm     .     k - +1 pair of boots {Stlth+}
MR     +++..                    H - amulet of rage
Stlth  ..........               C - ring of protection from magic
                                G - ring of see invisible

@: berserking (expiring), regenerating, very quick, extremely resistant to
hostile enchantments, extremely unstealthy
A: no striking features
a: Berserk, Trog's Hand, Brothers in Arms, Burn Spellbooks, Renounce Religion,
Evoke Berserk Rage


You were in a volcano.
You worshipped Trog.
Trog was greatly pleased with you.
You were not hungry.

You visited 2 branches of the dungeon, and saw 12 of its levels.
You also visited: Volcano.

You collected 620 gold pieces.

Inventory:

Hand Weapons
 l - a +0 war axe (weapon)
Missiles
 I - 4 tomahawks of dispersal (quivered)
Armour
 b - a +0 cloak (worn)
 k - a +1 pair of boots of stealth (worn)
 w - a cursed +0 plate armour (worn)
Jewellery
 d - an uncursed ring of sustain attributes
 o - a +4 ring of intelligence
 C - a ring of protection from magic (right hand)
 G - a ring of see invisible (left hand)
 H - an amulet of rage (around neck)
Wands
 e - a wand of hasting (0/9)
 A - a wand of flame (19/48)
Scrolls
 f - a scroll of recharging {unknown}
 g - a scroll of enchant weapon
 i - 3 scrolls of magic mapping {unknown}
 n - 2 scrolls of teleportation
 p - a scroll of brand weapon {unknown}
 t - 2 scrolls of remove curse
 u - a scroll of enchant armour {unknown}
 B - a scroll of random uselessness {unknown}
 D - a scroll of blinking {unknown}
 E - 2 scrolls of immolation
Potions
 h - a potion of might
 j - 2 potions of lignification
 m - 2 potions of heal wounds
 q - 2 potions of mutation {unknown}
 s - a potion of brilliance {unknown}
 v - 2 potions of berserk rage {unknown}
 x - a potion of curing {unknown}
 z - a potion of cure mutation {unknown}
 F - 2 potions of flight {unknown}
Books
 y - a book of Burglary

   Spells                             Type                      Level
   a - Swiftness                      Charms/Air                   2
   b - Passwall                       Transmutation/Earth          2
   c - Passage of Golubria            Translocation                4
   d - Lee's Rapid Deconstruction     Earth                        5
   e - Darkness                       Hexes                        6
   f - Invisibility                   Hexes                        6
   Trog disapproves of the use of such an item.
Comestibles
 a - a meat ration
 c - 4 bread rations
 r - 5 chunks of flesh


   Skills:
 + Level 10.8 Fighting
 * Level 15.8 Axes
 + Level 10.1 Armour
 - Level 1.5 Dodging


You had 10 spell levels left.
You didn't know any spells.

Dungeon Overview and Level Annotations

Branches:
Dungeon (11/15)              Lair (0/8) D:10            Orc (1/2) D:11
 Temple: D:4-7

Altars:
Dithmenos
Xom
Zin


Message History

The redback is heavily wounded.
You slash the fire elemental!
The fire elemental is moderately damaged.
The redback bites you!
* * * LOW HITPOINT WARNING * * *
The deep elf knight closely misses you.
Unknown command.
Unknown command.
Unknown command.
Unknown command.
You miss the deep elf knight.
The deep elf knight is severely wounded.
You barely miss the fire elemental.
The fire elemental is moderately damaged.
You hit the redback.
The redback is heavily wounded.
You barely miss the deep elf mage.
The deep elf mage is moderately wounded.
The fire elemental hits you. The fire elemental burns you!
You die...

#§ #e.'.!.!.+
≈≈≈##e.'.._..+
≈≈≈#...#.....#
≈§≈#...#######
≈§≈#...'[).[!+
≈≈§#...#§.≈..#
#...#8E≈≈8#
#.§s@.≈..+
#..ee....+
§##.#8...8# #≈
≈≈###.....###§§
≈§§§≈.....≈≈§§§
≈≈≈≈≈8...8≈≈≈§#
#≈≈≈§≈.....≈≈###
###≈≈≈.....≈≈#
#≈§≈8...8§##


You could see a deep elf knight, a deep elf mage, a fire elemental and a
redback.

Vanquished Creatures
  2 centaur warriors
  2 hill giants
  An orc knight (Orc:1)
  An orc sorcerer (Orc:1)
  A cyclops (D:11)
  2 kobold demonologists (D:11)
  A two-headed ogre (D:11)
  2 trolls
  2 wyverns
  8 yaks
  3 hippogriffs
  2 wargs (Orc:1)
  A soldier ant (D:11)
  A water moccasin (D:11)
  4 orc warriors
  3 phantoms
  A sky beast (D:11)
  5 ogres
  A crocodile (D:11)
  2 big kobolds
  6 giant frogs
  A scorpion (D:10)
  A killer bee (D:11)
  A howler monkey (D:4)
  A crimson imp (D:9)
  Crazy Yiuf (D:6)
  2 hounds
  2 jellies
  A giant frog skeleton (D:10)
  A gnoll shaman (D:6)
  5 orc priests
  9 orc wizards
  A worker ant (D:8)
  A hound skeleton (D:7)
  A howler monkey skeleton (D:10)
  4 gnolls (D:6)
  3 adders
  3 giant geckos
  34 orcs
  3 ball pythons
  2 goblins
  3 hobgoblins (D:2)
  6 jackals
  A giant newt (D:2)
  33 kobolds
  4 rats
  A fungus (D:6)
  7 plants (D:8)
183 creatures vanquished.

Vanquished Creatures (others)
  2 plants (D:8)
2 creatures vanquished.

Grand Total: 185 creatures vanquished

Notes
Turn   | Place    | Note
--------------------------------------------------------------
     0 | D:1      | 4thArraOfDagon the Hill Orc Berserker began the quest for the Orb.
     0 | D:1      | Reached XP level 1. HP: 19/19 MP: 1/1
   196 | D:2      | Reached XP level 2. HP: 10/27 MP: 2/2
   417 | D:4      | Noticed a phantom
   469 | D:4      | Noticed an ogre
   471 | D:4      | Noticed a phantom
   481 | D:5      | Entered Level 5 of the Dungeon
   523 | D:4      | Noticed a howler monkey
   539 | D:4      | Killed a howler monkey
   539 | D:4      | Reached skill level 5 in Axes
   539 | D:4      | Reached XP level 3. HP: 19/33 MP: 3/3
   539 | D:4      | Reached XP level 4. HP: 23/40 MP: 4/4
   576 | D:3      | Reached ** piety under Trog
   578 | D:3      | Found a shimmering altar of Xom.
   588 | D:3      | Found a shimmering altar of Xom.
   589 | D:3      | Found a shimmering altar of Xom.
   599 | D:3      | Found a shimmering altar of Xom.
   722 | D:6      | Noticed a centaur
   861 | D:6      | Found a glowing silver altar of Zin.
   994 | D:7      | Noticed a phantom
   994 | D:7      | Noticed a giant frog
  1005 | D:7      | Killed a giant frog
  1005 | D:7      | Reached skill level 6 in Axes
  1005 | D:7      | Reached XP level 5. HP: 47/47 MP: 5/5
  1013 | D:7      | Killed a phantom
  1013 | D:7      | Reached XP level 6. HP: 41/55 MP: 6/6
  1087 | D:6      | Reached skill level 5 in Fighting
  1099 | D:6      | Reached skill level 7 in Axes
  1154 | D:7      | Noticed a phantom
  1184 | D:7      | Killed a phantom
  1187 | D:7      | Reached XP level 7. HP: 44/61 MP: 7/7
  1280 | D:6      | Reached skill level 8 in Axes
  1325 | D:6      | Noticed Crazy Yiuf
  1337 | D:6      | Killed Crazy Yiuf
  1483 | D:8      | Reached skill level 5 in Armour
  1509 | D:8      | Noticed a hippogriff
  1537 | D:8      | Killed a hippogriff
  1537 | D:8      | Reached skill level 9 in Axes
  1537 | D:8      | Reached XP level 8. HP: 70/70 MP: 8/8
  1600 | D:8      | jacquesderrida: dayne
  1612 | D:8      | jacquesderrida: degib bek
  1624 | D:8      | jacquesderrida: degin bek
  1688 | D:9      | Noticed a centaur warrior
  1701 | D:9      | Killed a centaur warrior
  1701 | D:9      | Reached skill level 11 in Axes
  1701 | D:9      | Reached XP level 9. HP: 38/79 MP: 9/9
  1816 | D:9      | Reached *** piety under Trog
  1844 | D:10     | Entered Level 10 of the Dungeon
  1935 | D:10     | Noticed a hill giant
  1949 | D:10     | Killed a hill giant
  1949 | D:10     | Reached skill level 12 in Axes
  1962 | D:10     | Noticed a centaur warrior
  1985 | D:10     | Killed a centaur warrior
  1985 | D:10     | Reached skill level 13 in Axes
  1985 | D:10     | Reached XP level 10. HP: 31/91 MP: 10/10
  2000 | D:10     | Found a staircase to the Lair.
  2301 | D:8      | Reached skill level 14 in Axes
  2428 | D:11     | Found a shadowy altar of Dithmenos.
  2507 | D:11     | Noticed a kobold demonologist
  2509 | D:11     | Noticed a kobold demonologist
  2514 | D:11     | Noticed a hill giant
  2514 | D:11     | Killed a kobold demonologist
  2520 | D:11     | Killed a kobold demonologist
  2520 | D:11     | Reached skill level 10 in Fighting
  2533 | D:11     | Killed a hill giant
  2533 | D:11     | Reached XP level 11. HP: 42/100 MP: 11/11
  2535 | D:11     | Reached **** piety under Trog
  2540 | D:11     | Reached skill level 15 in Axes
  2628 | D:11     | Noticed a cyclops
  2652 | D:11     | Killed a cyclops
  2786 | D:11     | Found a staircase to the Orcish Mines.
  2841 | Orc:1    | Entered Level 1 of the Orcish Mines
  2892 | Orc:1    | Noticed an orc sorcerer
  2913 | Orc:1    | Killed an orc sorcerer
  2941 | Orc:1    | Noticed an orc knight
  2986 | Orc:1    | Killed an orc knight
  2986 | Orc:1    | Reached skill level 10 in Armour
  3189 | Orc:1    | Found a dark tunnel.
  3198 | Volcano  | Entered a volcano
  3220 | Volcano  | Found a radiant altar of Vehumet.
  3221 | Volcano  | Noticed a deep elf knight
  3223 | Volcano  | Noticed a deep elf mage
  3224 | Volcano  | Noticed a deep elf mage
  3248 | Volcano  | HP: 6/151 [redback[a deep elf mage] (10)]
  3249 | Volcano  | Mangled by a fire elemental

Vault maps used:
D:1:      dpeg_arrival_tiny_d
D:2:      nicolae_overflow_hidden_temple, uniq_sigmund, uniq_jessica
D:3:      forest_paths, xom_redecorated, marbit_many_paths, first_bread,
          minmay_snake_closets
D:4:      kennysheep_little_box, overflow_temple_1_default
D:5:      lemuel_doored_altar, led_sif_pool, minmay_temple_entry_glassed_door
D:6:      kennysheep_mini, uniq_crazy_yiuf_cottage, uniq_duvessa
D:7:      nicolae_tso_carved_into_rock
D:8:      kennysheep_kobold_camp, uniq_psyche
D:9:      amalloy_card_club
D:10:     lair_0_dummy, hangedman_tree_tricks
D:11:     erik_orc_4, special_room, nicolae_dithmenos_shadow_blocks
Orc:1:    lightli_volcano_entry_magma_tube
Volcano:  kennysheep_volcano_temple

Skill      XL: |  1  2  3  4  5  6  7  8  9 10 11 |
---------------+----------------------------------+-----
Fighting       | 4 5 6 7 9 10 | 10.8
Axes           | 5 6 7 9 11 13 14 15 | 15.8
Armour         | 3 4 5 6 8 9 10 | 10.1
Dodging        | |  1.5

Action                   |  1- 3 |  4- 6 |  7- 9 | 10-12 || total
-------------------------+-------+-------+-------+-------++-------
Melee: Hand axe          |    60 |     7 |       |       ||    67
       War axe           |       |    98 |   173 |   284 ||   555
Invok: Berserk           |     4 |     2 |    10 |    10 ||    26
       Trog's Hand       |       |     2 |     6 |    15 ||    23
Evoke: Wand              |       |     1 |     1 |     2 ||     4
  Use: Scroll            |     5 |     3 |       |     1 ||     9
       Potion            |     1 |       |     1 |       ||     2
 Stab: Sleeping          |       |     1 |       |       ||     1
  Eat: Chunk             |     1 |       |    14 |    16 ||    31
       Meat ration       |     1 |       |       |       ||     1
       Beef jerky        |     1 |       |       |       ||     1
       Pizza             |       |       |       |     1 ||     1
